 Dungeon Crawl Stone Soup version 0.30-a0-219-gf2db51d15e (webtiles) character file.

Game seed: 10605003446426005720

7487 Pooter the Cleaver (level 10, -7/90 HPs)
             Began as a Minotaur Berserker on Oct 7, 2022.
             Was a Priest of Trog.
             Killed from afar by an oklob plant (11 damage)
             ... with a splash of acid
             ... on level 9 of the Dungeon.
             The game lasted 00:43:33 (10327 turns).

Pooter the Cleaver (Minotaur Berserker)            Turns: 10327, Time: 00:43:34

Health: -7/90      AC:  7    Str: 25    XL:     10   Next: 94%
Magic:  9/9        EV: 22    Int:  4    God:    Trog [***...]
Gold:   587        SH:  0    Dex: 11    Spells: 9/9 levels left

rFire   . . .      SeeInvis .    a - +2 battleaxe
rCold   . . .      Faith    .    (shield currently unavailable)
rNeg    . . .      Spirit   .    J - +2 plate armour
rPois   .          Reflect  .    (helmet restricted)
rElec   .          Harm     .    (no cloak)
rCorr   +          Rampage  .    N - +0 pair of gloves
Will    .....                    c - +0 pair of boots
Stlth   ..........               B - amulet of the acrobat
HPRegen 0.35/turn                C - ring of resist corrosion
MPRegen 0.11/turn                (no ring)

@: corroded, on berserk cooldown, acrobatic, slowed, very slow
A: horns 2, retaliatory headbutt
a: Renounce Religion, Berserk, Trog's Hand


You were on level 9 of the Dungeon.
You worshipped Trog.
Trog was most pleased with you.
You visited 1 branch of the dungeon, and saw 9 of its levels.

You collected 636 gold pieces.
You spent 49 gold pieces at shops.

Inventory:

Hand Weapons
 a - a +2 battleaxe (weapon)
   (You found it on level 4 of the Dungeon)
 b - a +2 arbalest
   (You bought it in a shop on level 2 of the Dungeon)
 n - a +0 halberd
   (You took it off a gnoll on level 9 of the Dungeon)
 v - a +0 hand axe
 x - a +0 flail of holy wrath
   (You took it off a gnoll on level 4 of the Dungeon)
 A - a +0 great mace
   (You found it on level 4 of the Dungeon)
Missiles
 p - 25 poisoned darts (quivered)
 r - 3 throwing nets {!f}
 E - 2 boomerangs
 Q - 150 stones
Armour
 c - a +0 pair of boots (worn)
   (You found it on level 1 of the Dungeon)
 q - a +2 ring mail of cold resistance
   (You took it off Terence on level 2 of the Dungeon)
 J - a +2 plate armour (worn)
   (You found it on level 8 of the Dungeon)
 N - a +0 pair of gloves (worn)
   (You found it on level 9 of the Dungeon)
Jewellery
 B - an amulet of the acrobat (around neck)
   (You found it on level 3 of the Dungeon)
 C - a ring of resist corrosion (left hand)
   (You found it on level 2 of the Dungeon)
 G - an amulet of faith {!P}
   (You found it on level 9 of the Dungeon)
Wands
 d - a wand of iceblast (9)
   (You took it off a gnoll on level 4 of the Dungeon)
 f - a wand of flame (6)
   (You took it off a gnoll on level 9 of the Dungeon)
 k - a wand of mindburst (10)
   (You found it on level 3 of the Dungeon)
 u - a wand of paralysis (2)
   (You found it on level 9 of the Dungeon)
 z - a wand of polymorph (20)
   (You took it off Grinder on level 4 of the Dungeon)
Scrolls
 h - a scroll of silence
 s - 3 scrolls of vulnerability {!r}
 t - 6 scrolls of teleportation {@r4}
 w - 4 scrolls of fog
 D - 3 scrolls of torment {!r}
 I - a scroll of noise {!r}
 K - a scroll of blinking {unknown}
 L - 4 scrolls of magic mapping
Potions
 e - 3 potions of curing {@q1}
 g - a potion of heal wounds {unknown}
 j - 2 potions of lignification {unknown}
 l - a potion of cancellation {unknown}
 m - a potion of brilliance {unknown}
 o - 4 potions of mutation {!q}
 y - a potion of attraction {unknown}
 F - a potion of magic {unknown}
 H - a potion of might {unknown}
 M - 2 potions of ambrosia {unknown}


   Skills:
 + Level 8.7 Fighting
 * Level 11.6 Axes
 * Level 9.6 Ranged Weapons
 - Level 2.4 Armour
 - Level 2.1 Dodging
 + Level 5.8 Stealth
 - Level 0.2 Shields
 + Level 5.4 Evocations


You had 9 spell levels left.
You didn't know any spells.
Your spell library was empty.

Dungeon Overview and Level Annotations

Branches:
Dungeon (9/15)             Temple (0/1) D:4
   Lair: D:8-11         Orc: D:9-12

Altars:
Dithmenos
Elyvilon
Fedhas
Gozag
Kikubaaqudgha
Sif Muna
Wu Jian
Xom
Yredelemnul

Shops:
D:2 (

Annotations:
D:5 1 runed translucent door, Crazy Yiuf
D:9 exclusions: oklob plant and oklob sapling


Innate Abilities, Weirdness & Mutations

You have a pair of horns on your head.
You reflexively headbutt those who attack you in melee.


Message History

The oklob sapling spits acid at you. The splash of acid hits you! You resist.
The oklob plant spits acid at you. The splash of acid hits you. You resist.
The acid corrodes you! The oklob sapling spits acid at you.
The splash of acid hits you! You resist. The oklob plant spits acid at you.
The splash of acid hits you. You resist.
* * * LOW HITPOINT WARNING * * *
The oklob sapling spits acid at you. The splash of acid hits you. You resist.
* * * LOW HITPOINT WARNING * * *
Unknown command.
A red film seems to cover your vision as you go berserk!
You feel yourself moving faster!
You feel mighty! The oklob sapling spits acid at you.
The splash of acid hits you! You resist.
* * * LOW HITPOINT WARNING * * *
You feel a strong urge to attack something.
You feel the effects of Trog's Hand fading.
Why would you want to do that?
Unknown command.
Why would you want to do that?
Unknown command.
Why would you want to do that?
You enter the shallow water.
Moving in this stuff is going to be slow.
You feel your anger nearly subside.
You are no longer berserk.
You are exhausted.
You feel yourself slow down. The oklob sapling spits acid at you.
The splash of acid hits you! You resist.
* * * LOW HITPOINT WARNING * * *
The oklob sapling spits acid at you. The splash of acid misses you.
The oklob plant spits acid at you. The splash of acid hits you. You resist.
* * * LOW HITPOINT WARNING * * *
The oklob plant spits acid at you. The splash of acid hits you! You resist.
* * * LOW HITPOINT WARNING * * *
The acid corrodes you!
Your skin stops crawling.
You feel less strong-willed. The oklob sapling spits acid at you.
The splash of acid hits you! You resist.
* * * LOW HITPOINT WARNING * * *
The oklob plant spits acid at you. The splash of acid hits you! You resist.
You die...

####.....##...≈≈.......#
..........#>♣≈≈≈....♣♣♣♣
.#####....#>♣≈♣♣♣♣♣♣.≈♣ .#
#....##♣.♣..♣≈~≈≈♣♣ .#
#....# ♣♣!♣♣≈~≈≈≈≈♣♣ .#
#.##.# ♣♣.♣≈~≈≈P≈≈♣
.#####....# ♣~.♣≈≈~≈≈≈.♣♣
..[....#### ♣~≈~~~~≈~P≈♣
###.##########♣≈@≈≈≈≈.≈≈!♣
....#####.....♣♣♣~≈≈≈♣≈PP♣
##.....##.####♣≈♣♣~♣♣♣♣♣♣♣
##.###.##.# ♣≈≈#+#
..<....##.# ♣≈≈~...
##.##.....## ≈≈≈~...
♣#######
##.###.##..##≈≈~~...
♣.......
...###.###...≈≈≈~...
♣♣..#####
#####...###.≈≈≈♣...# ♣...#


You could see an oklob plant and an oklob sapling.

Vanquished Creatures
  A two-headed ogre (D:9)
  Pikel (D:6)
  The ghost of Darkkill the Shooter, a novice HuHu (D:6)
  An ugly thing (D:8)
  A manticore (D:8)
  2 hornets
  A troll (D:9)
  Grinder (D:4)
  4 yaks (D:8)
  Eustachio (D:4)
  Menkaure (D:4)
  4 water moccasins
  An orc warrior (D:9)
  3 black bears
  2 sky beasts (D:6)
  3 ogres
  2 wolves (D:9)
  A lemure (D:6)
  A phantom (D:5)
  2 kobold brigands
  8 bullfrogs
  3 gnoll sergeants
  A scorpion (D:4)
  5 wights (D:8)
  A killer bee (D:6)
  A howler monkey (D:8)
  4 hounds
  A gnoll bouda (D:6)
  6 orc priests
  A human skeleton (D:3)
  Terence (D:2)
  3 orc wizards
  3 iguanas
  21 gnolls
  8 adders
  4 white imps
  3 worms
  5 dart slugs
  18 orcs
  12 ball pythons
  10 endoplasms
  2 giant cockroaches
  15 goblins
  6 hobgoblins
  2 jackals (D:2)
  23 kobolds
  5 quokkas
  4 bats
  3 frilled lizards
  7 rats
220 creatures vanquished.

Vanquished Creatures (collateral kills)
  An adder (D:9)
1 creature vanquished.

Vanquished Creatures (others)
  11 fungi (D:9)
  15 plants (D:9)
26 creatures vanquished.

Grand Total: 247 creatures vanquished

Notes
Turn   | Place    | Note
-------+----------+-------------------------------------------
     0 | D:1      | Pooter the Minotaur Berserker began the quest for the Orb.
     0 | D:1      | Reached XP level 1. HP: 19/19 MP: 0/0
    49 | D:1      | Reached skill level 4 in Axes
    49 | D:1      | Reached XP level 2. HP: 27/27 MP: 1/1
   290 | D:1      | Reached skill level 1 in Stealth
   358 | D:1      | Reached ** piety under Trog
   359 | D:1      | Reached XP level 3. HP: 30/33 MP: 2/2
   625 | D:1      | Found a faded altar of an unknown god.
   945 | D:2      | Found Moacze's Weapon Boutique.
   968 | D:2      | Bought a +0 arbalest for 49 gold pieces
  1025 | D:2      | Noticed Terence
  1033 | D:2      | Killed Terence
  1034 | D:2      | Reached skill level 5 in Axes
  1034 | D:2      | Reached XP level 4. HP: 41/41 MP: 3/3
  1138 | D:2      | Found an opulent altar of Gozag.
  1282 | D:3      | Reached skill level 1 in Ranged Weapons
  1325 | D:3      | Found a white marble altar of Elyvilon.
  1417 | D:3      | Found a runed translucent door.
  1417 | D:3      | Noticed a human
  1420 | D:3      | Found a basalt altar of Yredelemnul.
  1527 | D:3      | Reached XP level 5. HP: 47/47 MP: 4/4
  1884 | D:3      | Found a shimmering blue altar of Sif Muna.
  1974 | D:4      | Noticed Menkaure
  1982 | D:4      | Killed Menkaure
  1983 | D:4      | Reached skill level 1 in Evocations
  1983 | D:4      | Reached XP level 6. HP: 30/55 MP: 5/5
  2160 | D:4      | Reached *** piety under Trog
  2215 | D:4      | Reached skill level 6 in Axes
  2265 | D:4      | Reached skill level 5 in Fighting
  2418 | D:4      | Noticed Eustachio
  2453 | D:4      | Killed Eustachio
  2454 | D:4      | Reached XP level 7. HP: 61/61 MP: 6/6
  2534 | D:4      | Found a staircase to the Ecumenical Temple.
  2634 | D:4      | Noticed Grinder
  2638 | D:4      | Killed Grinder
  2968 | D:5      | Entered Level 5 of the Dungeon
  2982 | D:5      | Reached skill level 7 in Axes
  3129 | D:5      | Reached XP level 8. HP: 63/70 MP: 7/7
  3303 | D:5      | Reached skill level 5 in Ranged Weapons
  3577 | D:5      | Found a runed translucent door.
  3578 | D:5      | Noticed Crazy Yiuf
  4003 | D:6      | Reached skill level 8 in Axes
  4140 | D:6      | Found an ornate altar of the Wu Jian Council.
  4517 | D:6      | Noticed Pikel
  4525 | D:6      | Killed Pikel
  4526 | D:6      | Reached XP level 9. HP: 78/78 MP: 8/8
  4633 | D:6      | Reached skill level 9 in Axes
  4820 | D:6      | Found an ancient bone altar of Kikubaaqudgha.
  4822 | D:6      | Noticed Sigmund
  4824 | D:6      | Sigmund changed into Sigmund the killer bee
  4824 | D:6      | Noticed Sigmund
  4829 | D:6      | Killed Sigmund the killer bee
  5100 | D:6      | Found a runed translucent door.
  5105 | D:6      | Noticed Darkkill's ghost (novice HuHu)
  5124 | D:6      | Killed Darkkill's ghost
  5432 | D:7      | Found a shadowy altar of Dithmenos.
  5551 | D:7      | Reached **** piety under Trog
  5836 | D:8      | Reached skill level 10 in Axes
  5978 | D:8      | HP: 3/120 [yak (7)]
  5980 | D:8      | Reached XP level 10. HP: 4/88 MP: 9/9
  5981 | D:8      | Reached skill level 5 in Stealth
  6281 | D:8      | Noticed a red ugly thing
  6283 | D:8      | Noticed a manticore
  6306 | D:8      | Killed a manticore
  6310 | D:8      | Killed a red ugly thing
  7178 | D:8      | Reached skill level 5 in Evocations
  7523 | D:8      | Paralysed by a hornet for 3 turns
  7530 | D:8      | Reached skill level 11 in Axes
  7996 | D:9      | Found a blossoming altar of Fedhas.
  8635 | D:9      | Paralysed by a hornet for 2 turns
  8640 | D:9      | HP: 1/90 [poisoned by a hornet]
  9476 | D:9      | Found a shimmering altar of Xom.
  9605 | D:9      | Noticed a two-headed ogre
  9611 | D:9      | Killed a two-headed ogre
 10315 | D:9      | Noticed an oklob plant
 10327 | D:9      | HP: 4/90 [oklob sapling/splash of acid (10)]
 10327 | D:9      | Killed from afar by an oklob plant

Illustrated notes

Levels and vault maps discovered:
D:1:      nzn_arrival_depleted_hourglass, layout_rooms,
          shapermc_ecumenical_altar_mp_highgroup
D:2:      layout_rooms, serial_shops, nicolae_shop_bloodbath_and_beyond,
          basic_altar, minmay_pentomino_v2, uniq_terence
D:3:      layout_loops_ring, dk_yredelemnul_ordeal, led_sif_book,
          elyvilon_altar_5, minmay_misc_feat_x, minmay_misc_feat_diagonals
D:4:      layout_basic, minmay_temple_entry_tees, uniq_grinder, uniq_eustachio,
          uniq_menkaure
D:5:      layout_loops_ring, hangedman_decor_opposing, uniq_crazy_yiuf_cottage
D:6:      layout_cave_pools, kiku_gazebo_pond_becter, nzn_wu_jian_council_hall,
          ebering_ghost_reflecting_pool, chequers_serial_rivers_small_a,
          minmay_misc_feat_four_crosses, uniq_pikel, uniq_sigmund
D:7:      layout_basic, grunt_dithmenos_smoke, nicolae_zen_rock_garden
D:8:      nicolae_cairo_tiling_large_dashed, layout_rooms,
          minmay_chambers_of_fives
D:9:      layout_loops_cross, mainiacjoe_overflow_paths, fedhas_altar_3,
          introduction_to_nature_2, uniq_grum

Skill      XL: |  1  2  3  4  5  6  7  8  9 10 |
---------------+-------------------------------+-----
Axes           | 4 5 6 7 8 10 11 | 11.6
Fighting       | 4 5 6 7 8 |  8.7
Stealth        | 1 2 3 4 5 |  5.8
Ranged Weapons | 1 2 3 4 6 8 9 |  9.6
Evocations     | 1 2 3 4 5 |  5.4
Armour         | |  2.4
Dodging        | |  2.1
Shields        | |  0.2

Action                   |  1- 3 |  4- 6 |  7- 9 | 10-12 || total
-------------------------+-------+-------+-------+-------++-------
Melee: Hand axe          |    87 |    14 |       |       ||   101
       Headbutt          |    11 |     7 |    14 |    12 ||    44
       Punch             |     1 |       |       |       ||     1
       Great mace        |       |    14 |    28 |       ||    42
       Battleaxe         |       |       |    96 |    92 ||   188
 Fire: Arbalest          |     4 |    68 |   121 |    93 ||   286
Throw: Stone             |     3 |       |     1 |       ||     4
Invok: Berserk           |     2 |     2 |     8 |     8 ||    20
       Trog's Hand       |       |     1 |     4 |     3 ||     8
Evoke: Wand              |       |       |     8 |     1 ||     9
  Use: Scroll            |     4 |     4 |     5 |     8 ||    21
       Potion            |       |       |       |     1 ||     1
 Stab: Sleeping          |     2 |       |       |       ||     2
Armor: Animal skin       |    15 |       |       |       ||    15
       Chain mail        |     8 |       |       |       ||     8
       Ring mail         |       |    19 |    63 |       ||    82
       Plate armour      |       |       |       |    82 ||    82
Dodge: Dodged            |    56 |    27 |    94 |    81 ||   258
Block: Buckler           |     1 |       |       |       ||     1

Table legend: (Time is in decaauts)
 A = Elapsed time spent in this place.
 B = Non-inter-level travel time spent in this place.
 C = Inter-level travel time spent in this place.
 D = Time resting spent in this place.
 E = Time spent auto-exploring this place.
 F = Levels seen in this place.
 G = Mean time per level.
                   A        B        C        D        E       F      G
               +--------+--------+--------+--------+--------+-----+--------+
         Total |  10763 |  10497 |    266 |   4257 |   4302 |   9 | 1195.9 |
       Dungeon |  10763 |  10497 |    266 |   4257 |   4302 |   9 | 1195.9 |
               +--------+--------+--------+--------+--------+-----+--------+

Top non-repeatable levels by time:
     D:9: 2659 daAuts
     D:8: 1848 daAuts
     D:6: 1492 daAuts
     D:4: 1064 daAuts
     D:5: 860 daAuts
     D:7: 813 daAuts
     D:3: 753 daAuts
     D:1: 682 daAuts
     D:2: 589 daAuts
